 Dungeon Sprint DCSS version 0.25-a0-766-g0ecfff5982 (webtiles) character file.

Game seed: 13975490965754550423, levelgen mode: deterministic

53 Caerthir the Slasher (level 3, 0/29 HPs)
             Began as a Demonspawn Gladiator on Apr 13, 2020.
             Was an Initiate of Qazlal.
             Slain by an orc warrior
             ... wielding a +0 vorpal war axe
              (1 damage)
             ... in the Dungeon (Sprint IX: "|||||||||||||||||||||||||||||").
             The game lasted 00:01:27 (566 turns).

Caerthir the Slasher (Demonspawn Gladiator)          Turns: 566, Time: 00:01:27

Health: 0/29       AC: 11    Str: 18    XL:     3   Next: 62%
Magic:  0/3        EV: 14    Int:  9    God:    Qazlal [......]
Gold:   0          SH:  0    Dex: 14    Spells: 2/2 levels left

rFire    . . .     SeeInvis .   o - +3 war axe (flame)
rCold    . . .     Gourm    .   (no shield)
rNeg     . . .     Faith    .   p - +1 scale mail
rPois    .         Spirit   +   c - +0 helmet
rElec    .         Reflect  .   (no cloak)
rCorr    .         Harm     .   a - +0 pair of gloves
MR       .....     NoTele   +   (no boots)
Stlth    ..........             (no amulet)
HPRegen  0.09/turn              q - +3 ring of strength
MPRegen  0.08/turn              r - +2 ring of protection

@: no status effects
A: repulsion field 1, magic shield
a: Renounce Religion


You were in the Dungeon.
You worshipped Qazlal.
Qazlal was noncommittal.
You were not hungry.

You visited 1 branch

Inventory:

Hand Weapons
 o - a +3 war axe of flaming (weapon)
Missiles
 d - 3 throwing nets (quivered)
Armour
 a - a +0 pair of gloves (worn)
 b - a +0 leather armour
 c - a +0 helmet (worn)
 p - a +1 scale mail (worn)
Jewellery
 q - a +3 ring of strength (left hand)
 r - a +2 ring of protection (right hand)
Wands
 n - a wand of acid (10)
Scrolls
 k - 2 scrolls of blinking
 l - 3 scrolls of remove curse
 m - 2 scrolls of amnesia
Potions
 e - 5 potions of curing
 g - a potion of invisibility
 h - a potion of haste
 i - 4 potions of magic
 j - 2 potions of heal wounds
Comestibles
 f - a ration


   Skills:
 + Level 3.1 Fighting
   Level 5.2 Long Blades
 + Level 2.5 Throwing
 + Level 1.0 Armour
 + Level 4.4 Dodging


You had 2 spell levels left.
You didn't know any spells.
Your spell library was empty.

Dungeon Overview and Level Annotations

Branches:
Dungeon (1/1)

Altars:
Cheibriados
Dithmenos
Elyvilon
Fedhas
Gozag
Hepliaklqana
Kikubaaqudgha
Makhleb
Nemelex Xobeh
Okawaru
Qazlal
Ru
Sif Muna
Trog
Uskayaw
Vehumet
Wu Jian
Xom
Yredelemnul
Zin
The Shining One
Beogh
Jiyva
Lugonu


Innate Abilities, Weirdness & Mutations

You are surrounded by a mild repulsion field. (EV +2)
When hurt, damage is shared between your health and your magic reserves.


Message History

The orc warrior closely misses you.
You hit the orc warrior. You burn the orc warrior.
The orc warrior is severely wounded.
The orc warrior hits you with a +0 vorpal war axe!
You barely miss the orc warrior.
The orc warrior is severely wounded.
The orc warrior barely misses you.
The giant cockroach zombie waves its antennae.
You hit the orc warrior but do no damage.
The orc warrior is severely wounded.
The orc warrior hits you with a +0 vorpal war axe!
The orc warrior misses you.
You closely miss the orc warrior.
The orc warrior is severely wounded.
The orc warrior hits you but does no damage.
You barely miss the orc warrior.
The orc warrior is severely wounded.
The orc warrior hits you with a +0 vorpal war axe!
* * * LOW HITPOINT WARNING * * *
You die...

▓.▓
▓Z▓
▓t▓
▓h▓
▓O▓
▓S▓
▓o▓
▓@▓
▓.▓
▓.▓
▓.▓
▓[▓
▓)▓
▓|▓
▓.▓
▓.▓


You could see an orc warrior, a crocodile, a black bear, an ogre, an adder and a
giant cockroach zombie.

Vanquished Creatures
  A jelly (D)
  A gnoll (D)
  An adder skeleton (D)
  A leopard gecko (D)
  An orc (D)
  A bat skeleton (D)
  A giant cockroach (D)
  A hobgoblin (D)
  2 frilled lizards (D)
10 creatures vanquished.

Vanquished Creatures (others)
  A spatial maelstrom (D)
1 creature vanquished.

Grand Total: 11 creatures vanquished

Notes
Turn   | Place    | Note
-------+----------+-------------------------------------------
     0 | D        | Caerthir the Demonspawn Gladiator began the quest for the
                  | Orb.
     0 | D        | Reached XP level 1. HP: 16/16 MP: 1/1
     1 | D        | Banished a spatial maelstrom
     6 | D        | Reached skill level 3 in Long Blades
    12 | D        | Reached skill level 4 in Long Blades
    12 | D        | Gained mutation: You are surrounded by a mild repulsion
                  | field. (EV +2) [demonic ancestry]
    12 | D        | Reached XP level 2. HP: 12/23 MP: 2/2
   171 | D        | HP: 1/34 [acid (6)]
   172 | D        | Reached skill level 5 in Long Blades
   172 | D        | Gained mutation: When hurt, damage is shared between your
                  | health and your magic reserves. [demonic ancestry]
   172 | D        | Reached XP level 3. HP: 2/29 MP: 3/3
   187 | D        | HP: 2/43 [adder skeleton (2)]
   188 | D        | Reached skill level 1 in Armour
   493 | D        | Found a roughly hewn altar of Beogh.
   493 | D        | Found a snail-covered altar of Cheibriados.
   493 | D        | Found a shadowy altar of Dithmenos.
   493 | D        | Found a white marble altar of Elyvilon.
   493 | D        | Found a blossoming altar of Fedhas.
   493 | D        | Found an opulent altar of Gozag.
   494 | D        | Found a hazy altar of Hepliaklqana.
   495 | D        | Found a viscous altar of Jiyva.
   496 | D        | Found an ancient bone altar of Kikubaaqudgha.
   497 | D        | Found a corrupted altar of Lugonu.
   498 | D        | Found a burning altar of Makhleb.
   499 | D        | Found a sparkling altar of Nemelex Xobeh.
   500 | D        | Found an iron altar of Okawaru.
   501 | D        | Found a stormy altar of Qazlal.
   502 | D        | Found a sacrificial altar of Ru.
   503 | D        | Found a shimmering blue altar of Sif Muna.
   504 | D        | Found a bloodstained altar of Trog.
   505 | D        | Found a hide-covered altar of Uskayaw.
   506 | D        | Found a radiant altar of Vehumet.
   507 | D        | Found an ornate altar of the Wu Jian Council.
   508 | D        | Found a shimmering altar of Xom.
   509 | D        | Became a worshipper of Qazlal Stormbringer
   510 | D        | Found a basalt altar of Yredelemnul.
   511 | D        | Found a glowing silver altar of Zin.
   512 | D        | Found a glowing golden altar of the Shining One.
   558 | D        | Noticed a crocodile
   558 | D        | Noticed a black bear
   558 | D        | Noticed an ogre
   558 | D        | Noticed an orc warrior
   566 | D        | HP: 1/29 [orc warrior/+0 vorpal war axe (8)]
   566 | D        | Slain by an orc warrior

Levels and vault maps discovered:
D:        linesprint [early_d, line_temple, items_1, d_10, items_2, lair_1,
          lair_end, items_3, orc_1, orc_end, items_4, d_15, swamp_1, shoals_1,
          snake_1, spider_1, d_20, vaults_1, items_5, swamp_end, shoals_end,
          snake_end, spider_end, vaults_end, d_27, items_6, zot_1, zot_end,
          crypt_end, forest_end, elf_end, slime_end, tomb_end, abyss_end,
          pan_hell_end]

Skill      XL: |  1  2  3 |
---------------+----------+-----
Long Blades    | 4 5 |  5.2
Dodging        | 3 4 |  4.4
Throwing       | 2 |  2.5
Fighting       | 3 |  3.1
Armour         | 1 |  1.0

Action                   || total
-------------------------++-------
Melee: Long sword        ||    40
       War axe           ||     8
  Use: Potion            ||     2
Armor: Leather armour    ||     6
       Scale mail        ||     1
Dodge: Dodged            ||    33
       Rpst.: Long sword ||     8

Table legend:
 A = Non-vault XP
 B = Vault XP
 C = Vault XP percentage of total XP
 D = Non-vault monster count
 E = Vault monster count
 F = Vault count percentage of total count
                 A         B        C        D         E       F
            +---------+---------+-------+---------+---------+-------
      Total |       0 |      76 | 100.0 |       0 |      10 | 100.0
            +---------+---------+-------+---------+---------+-------
          D |       0 |      76 | 100.0 |       0 |      10 | 100.0
            +---------+---------+-------+---------+---------+-------
